 Dungeon Crawl Stone Soup version 0.26.1-11-gd32895ea62 (webtiles) character file.

Game seed: 8707206312583954829

21700 Zeld the Basher (level 12, -10/106 HPs)
             Began as a Purple Draconian Gladiator on June 9, 2021.
             Was a Believer of Yredelemnul.
             Killed from afar by Jorgrun (23 damage)
             ... with a blast of rock fragments
             ... on level 2 of the Orcish Mines.
             The game lasted 00:44:54 (24321 turns).

Zeld the Basher (Purple Draconian Gladiator)       Turns: 24321, Time: 00:44:55

Health: -10/106    AC: 16    Str: 21    XL:     12   Next: 56%
Magic:  12/12      EV: 11    Int: 10    God:    Yredelemnul [**....]
Gold:   672        SH: 12    Dex: 12    Spells: 11/11 levels left

rFire    . . .     SeeInvis .   a - +6 flail (protect)
rCold    . . .     Faith    .   F - +1 tower shield of the Desert {Regen+}
rNeg     . . .     Spirit   .   (armour unavailable)
rPois    .         Reflect  .   w - +2 hat
rElec    .         Harm     .   A - +2 cloak {rCorr}
rCorr    +         Rampage  .   r - +2 pair of gloves
Will     +....                  (no boots)
Stlth    +.........             (no amulet)
HPRegen  0.67/turn              k - ring of flight
MPRegen  0.13/turn              (no ring)

@: no status effects
A: breathe power, unfitting armour, cold-blooded, AC +8
a: Breathe Dispelling Energy, Renounce Religion, Evoke Flight, Animate Remains,
Recall Undead Slaves, Injury Mirror


You were on level 2 of the Orcish Mines.
You worshipped Yredelemnul.
Yredelemnul was pleased with you.
You visited 4 branches of the dungeon, and saw 15 of its levels.
You also visited: Ossuary and Bailey.

You collected 672 gold pieces.

Inventory:

Hand Weapons
 a - a +6 flail of protection (weapon)
Missiles
 c - 3 throwing nets (quivered)
 d - 89 poisoned darts
 e - 10 boomerangs
 s - 5 javelins
Armour
 r - a +2 pair of gloves (worn)
 w - a +2 hat (worn)
 A - a +2 cloak of preservation (worn)
 F - the +1 tower shield of the Desert (worn) {Regen+}
   (You took it off an orc in a bailey)

   It increases your rate of regeneration.
Jewellery
 k - a ring of flight (left hand)
 l - an uncursed ring of protection from fire
Wands
 h - a wand of polymorph (16)
 m - a wand of flame (40)
 I - a wand of iceblast (4)
Scrolls
 g - 7 scrolls of teleportation
 j - a scroll of magic mapping
 u - 10 scrolls of remove curse
 z - 2 scrolls of enchant armour
 G - 2 scrolls of amnesia
Potions
 i - 2 potions of curing
 o - 4 potions of flight
 p - 5 potions of berserk rage {unknown}
 q - a potion of haste {unknown}
 t - 3 potions of degeneration {unknown}
 x - 2 potions of resistance {unknown}
 B - a potion of magic {unknown}
 C - a potion of lignification {unknown}
 D - a potion of brilliance {unknown}
 E - a potion of heal wounds {unknown}
Miscellaneous
 y - a phantom mirror (inert)


   Skills:
 + Level 9.8 Fighting
 * Level 12.4 Maces & Flails
 * Level 11.3 Throwing
 + Level 8.5 Dodging


You had 11 spell levels left.
You didn't know any spells.
Your spell library contained the following spells:

 Spells                   Type           Power        Failure   Level
 Corona                   Hex            0%           100%        1
 Freeze                   Ice            0%           100%        1
 Magic Dart               Conj           0%           100%        1
 Sandblast                Erth           0%           100%        1
 Shock                    Conj/Air       0%           100%        1
 Summon Small Mammal      Summ           0%           100%        1
 Blink                    Tloc           N/A          100%        2
 Call Imp                 Summ           0%           100%        2
 Passwall                 Tmut/Erth      0%           100%        2
 Slow                     Hex            0%           100%        2
 Call Canine Familiar     Summ           0%           100%        3
 Confusing Touch          Hex            0%           100%        3
 Conjure Flame            Conj/Fire      0%           100%        3
 Dazzling Flash           Conj/Hex       0%           100%        3
 Inner Flame              Hex/Fire       0%           100%        3
 Mephitic Cloud           Conj/Pois/Air  0%           100%        3
 Portal Projectile        Hex/Tloc       0%           100%        3
 Stone Arrow              Conj/Erth      0%           100%        3
 Summon Guardian Golem    Hex/Summ       0%           100%        3
 Cause Fear               Hex            0%           100%        4
 Leda's Liquefaction      Hex/Erth       0%           100%        4
 Petrify                  Tmut/Erth      0%           100%        4
 Summon Ice Beast         Ice/Summ       0%           100%        4
 Summon Lightning Spire   Summ/Air       0%           100%        4
 Alistair's Intoxication  Tmut/Pois      0%           100%        5
 Irradiate                Conj/Tmut      0%           100%        5
 Lee's Rapid Deconstruct  Erth           0%           100%        5
 Freezing Cloud           Conj/Ice/Air   0%           100%        6
 Hydra Form               Tmut           0%           100%        6
 Statue Form              Tmut/Erth      0%           100%        6
 Dragon Form              Tmut           0%           100%        7


Dungeon Overview and Level Annotations

Branches:
Dungeon (11/15)            Temple (1/1) D:5            Lair (1/6) D:10
    Orc (2/2) D:10            Elf (0/3) Orc:2       Ossuary (visited)
 Bailey (visited)

Altars:
Ashenzari
Cheibriados
Dithmenos
Elyvilon
Fedhas
Gozag
Hepliaklqana
Kikubaaqudgha
Makhleb
Nemelex Xobeh
Okawaru
Qazlal
Ru
Sif Muna
Trog
Uskayaw
Vehumet
Wu Jian
Xom
Yredelemnul
Zin
The Shining One

Shops:
D:7 [   Orc:2 ?

Portals:
Volcano: Orc:2

Annotations:
Orc:2 Jorgrun


Innate Abilities, Weirdness & Mutations

You can breathe bolts of dispelling energy.
Your rich purple scales are hard. (AC +8)
You cannot fit into any form of body armour.
You are cold-blooded and may be slowed by cold attacks.


Message History

The orc wizard points at you and mumbles some strange words.
The magic dart hits you but does no damage.
You hear a grinding noise.
You feel better.
You hear a grinding noise.
The orc wizard casts a spell at you. You resist with almost no effort.
Found 20 gold pieces.
Jorgrun gestures at you while chanting.
Roots burst forth from the earth!
The grasping roots grab you!
* * * LOW HITPOINT WARNING * * *
The grasping roots constrict you!
Found 26 gold pieces.
You escape the roots' grasp.
An orc wizard comes into view. It is wielding a +0 dagger.
Jorgrun gestures at you while chanting.
The wall shatters!
The blast of rock fragments hits you!!
You die...
Your body rises from the dead as a mindless zombie.

##..........#............,,,,,,
#..........$.............,,,,,,
#.............#...........*****
##..#.....o.o...........o..*∩,,,
#.......#o§§###............*,,,,
*#.#.#o##T≈§≈####..........*,,,,
*#....#Oo§§≈§..##.........***+*
#....#oog.....$#.........,,,,,
##.#..##≈≈≈≈$@.#.........***+*
##..###≈≈§##..#.........*,,,,
#.....#####...#.........*,,,,
##............#.........*,,,,
*#...#........##.........*∩,,,
#.$..##..o..###..........*****
##.#.########.$..........,,,,,
#...#........#...........,,,,,
##.#,.......#............*****


You could see Jorgrun, a troll, an orc sorcerer, an orc warrior, an ogre, an orc
priest and 2 orc wizards.

Vanquished Creatures
  Josephine (D:10)
  Harold (D:8)
  2 boulder beetles
  A centaur warrior (D:8)
  Erica (D:9)
  4 two-headed ogres
  An orc high priest (D:10)
  A skeletal warrior (D:10)
  An unseen horror (D:9)
  2 wizards
  3 orc knights (Bailey)
  The ghost of 0gre the Skirmisher, a novice MiBe of Trog (D:5)
  A deep elf mage (D:11)
  An ugly thing (D:11)
  Joseph (D:10)
  An efreet (D:8)
  A freezing wraith (D:10)
  A hornet (D:8)
  Grinder (D:4)
  4 yaks
  Sigmund (D:6)
  A wraith (D:10)
  Edmund (D:4)
  3 water moccasins
  2 ice beasts
  4 black bears
  A phantom (D:8)
  15 orc warriors
  An eye of draining (D:8)
  2 sky beasts (D:7)
  3 ogres
  A centaur (D:8)
  3 big kobolds
  5 bullfrogs
  A gnoll sergeant (D:5)
  A wyvern skeleton (D:11)
  A scorpion (D:10)
  5 killer bees (D:10)
  8 wights
  3 vampire bats (D:6)
  A centaur zombie (D:10)
  2 howler monkeys
  A human zombie (Ossuary)
  3 quasits
  A bullfrog zombie (D:5)
  A jelly (D:8)
  6 hounds
  9 orc wizards
  Crazy Yiuf (D:5)
  2 gnoll shamans
  11 orc priests
  4 centaur skeletons
  Jessica (D:2)
  3 iguanas
  Terence (D:2)
  Ijyb (D:3)
  6 worker ants
  2 killer bee zombies
  2 hound zombies
  3 mummies (Ossuary)
  2 worker ant zombies (D:8)
  A hound skeleton (D:8)
  A howler monkey zombie (D:6)
  14 gnolls
  11 adders
  A shadow imp (D:7)
  A white imp (D:5)
  An ufetubus (D:8)
  4 oozes
  2 adder zombies
  2 dart slugs (D:3)
  9 leopard geckos
  68 orcs
  6 bats
  5 bat skeletons (D:6)
  7 giant cockroaches
  17 goblins
  7 hobgoblins
  14 jackals
  2 quokkas
  A ball python skeleton (D:4)
  3 frilled lizards
  5 goblin zombies (Ossuary)
  2 hobgoblin zombies (Ossuary)
  2 jackal zombies
  26 kobolds
  A kobold zombie (Ossuary)
  A leopard gecko skeleton (D:5)
  An orc zombie (Ossuary)
  4 quokka zombies (Ossuary)
  7 rats
  4 rat zombies (Ossuary)
385 creatures vanquished.

Vanquished Creatures (collateral kills)
  A freezing wraith (D:10)
  A troll (D:10)
  Prince Ribbit (D:6)
  2 wraiths (D:9)
  3 yaks (D:9)
  A bullfrog (D:10)
  A wight (D:6)
  A centaur skeleton (D:11)
  2 orc priests
  An adder (D:7)
  An adder skeleton (D:6)
  4 orcs
  A jackal (D:9)
  6 kobolds (D:6)
26 creatures vanquished.

Vanquished Creatures (others)
  A boulder beetle zombie (D:11)
  A bullfrog zombie (D:9)
  An elf zombie (D:11)
  3 two-headed ogre zombies
  A black bear zombie (D:6)
  2 human zombies (D:6)
  A yak zombie (D:9)
  A centaur zombie (D:8)
  A hound zombie (D:10)
  A human skeleton (D:6)
  2 jackal zombies (D:9)
  7 kobold zombies (D:6)
  3 leopard gecko zombies
  An ogre zombie (D:10)
  3 orc skeletons (Bailey)
  13 orc zombies
  A scorpion zombie (D:10)
  A troll skeleton (D:10)
  45 fungi (D:10)
  79 plants
168 creatures vanquished.

Grand Total: 579 creatures vanquished

Notes
Turn   | Place    | Note
-------+----------+-------------------------------------------
     0 | D:1      | Zeld the Draconian Gladiator began the quest for the Orb.
     0 | D:1      | Reached XP level 1. HP: 17/17 MP: 1/1
   369 | D:1      | Reached XP level 2. HP: 25/25 MP: 2/2
   569 | D:1      | Reached XP level 3. HP: 22/30 MP: 3/3
  1308 | D:2      | Noticed Terence
  1321 | D:2      | Killed Terence
  1322 | D:2      | Reached XP level 4. HP: 26/37 MP: 4/4
  1425 | D:2      | Found a broken altar of Ashenzari.
  1522 | D:2      | Noticed Jessica
  1528 | D:2      | Killed Jessica
  1529 | D:2      | Reached skill level 4 in Maces & Flails
  1634 | D:2      | Found a bloodstained altar of Trog.
  1904 | D:3      | Found a snail-covered altar of Cheibriados.
  1910 | D:3      | Reached XP level 5. HP: 45/45 MP: 5/5
  2118 | D:3      | Found a stormy altar of Qazlal.
  2438 | D:3      | Found a shadowy altar of Dithmenos.
  2692 | D:4      | Reached XP level 6. HP: 51/51 MP: 6/6
  2850 | D:4      | Noticed Ijyb
  3445 | D:3      | Killed Ijyb
  3500 | D:4      | Reached skill level 5 in Maces & Flails
  3977 | D:4      | Your scales start taking on a rich purple colour.
  3977 | D:4      | Reached XP level 7. HP: 58/58 MP: 7/7
  4093 | D:4      | Found a hide-covered altar of Uskayaw.
  4659 | D:5      | Entered Level 5 of the Dungeon
  4661 | D:5      | Noticed Edmund
  5001 | D:5      | Found a runed translucent door.
  5002 | D:5      | Noticed 0gre's ghost (novice MiBe)
  5035 | D:5      | Noticed Grinder
  5520 | D:4      | Killed Edmund
  6086 | D:4      | Killed Grinder
  6087 | D:4      | Reached skill level 6 in Maces & Flails
  6087 | D:4      | Reached skill level 5 in Throwing
  6087 | D:4      | Reached XP level 8. HP: 47/67 MP: 8/8
  6650 | D:5      | Found an opulent altar of Gozag.
  6715 | D:5      | Found a staircase to the Ecumenical Temple.
  6722 | Temple   | Entered the Ecumenical Temple
  6754 | Temple   | Became a worshipper of Yredelemnul the Dark
  7032 | D:5      | Found a white marble altar of Elyvilon.
  7144 | D:5      | Reached skill level 5 in Fighting
  7794 | D:5      | Found a runed translucent door.
  7795 | D:5      | Noticed Crazy Yiuf
  7996 | D:5      | Killed Crazy Yiuf
  8236 | D:6      | Noticed Sigmund
  9193 | D:5      | Reached skill level 7 in Maces & Flails
  9401 | D:6      | Killed Sigmund
  9402 | D:6      | Reached skill level 5 in Dodging
  9506 | D:6      | Reached * piety under Yredelemnul
  9640 | D:6      | Reached XP level 9. HP: 75/75 MP: 9/9
  9735 | D:6      | Noticed Prince Ribbit
  9744 | D:6      | Killed Prince Ribbit
 11062 | D:6      | Found an ancient bone altar of Kikubaaqudgha.
 11067 | D:6      | Reached skill level 8 in Maces & Flails
 11077 | D:6      | Reached ** piety under Yredelemnul
 11412 | D:7      | Found a sand-covered staircase.
 11464 | Ossuary  | Entered an ossuary
 11903 | D:7      | Found a burning altar of Makhleb.
 11930 | D:7      | Found a sacrificial altar of Ru.
 12003 | D:7      | Reached *** piety under Yredelemnul
 12154 | D:7      | Found a shimmering blue altar of Sif Muna.
 12177 | D:7      | Identified Sif Muna's Collected Works on Earth
 12380 | D:8      | Noticed Harold
 12414 | D:8      | Found a flagged portal.
 12419 | Bailey   | Entered a bailey
 13494 | Bailey   | Noticed an orc knight
 13494 | Bailey   | Noticed an orc knight
 13502 | Bailey   | Identified the +1 tower shield of the Desert {Regen+}
 13594 | Bailey   | Noticed an orc knight
 13609 | Bailey   | Killed an orc knight
 14060 | Bailey   | Reached skill level 9 in Maces & Flails
 14060 | Bailey   | Reached XP level 10. HP: 84/84 MP: 10/10
 14071 | Bailey   | Killed an orc knight
 14074 | Bailey   | Killed an orc knight
 14290 | D:8      | Killed Harold
 14856 | D:8      | Noticed a boulder beetle
 14900 | D:8      | Noticed a centaur warrior
 14908 | D:8      | Killed a centaur warrior
 14909 | D:8      | Reached skill level 10 in Maces & Flails
 15337 | D:8      | Killed a boulder beetle
 15381 | D:8      | Noticed a two-headed ogre
 15385 | D:8      | Reached XP level 11. HP: 40/94 MP: 11/11
 15589 | D:8      | Killed a two-headed ogre
 16349 | D:7      | Found a glowing silver altar of Zin.
 16390 | D:7      | Found Adudipla's Armour Shoppe.
 16654 | D:5      | Killed 0gre's ghost
 16779 | D:9      | Noticed Erica
 16788 | D:9      | Killed Erica
 16836 | D:9      | Noticed a two-headed ogre
 16866 | D:9      | Killed a two-headed ogre
 17320 | D:9      | Reached skill level 11 in Maces & Flails
 17685 | D:10     | Entered Level 10 of the Dungeon
 17996 | D:9      | Killed an unseen horror
 17997 | D:9      | Reached skill level 10 in Throwing
 18201 | D:10     | Noticed Josephine
 18211 | D:10     | Killed Josephine
 18246 | D:10     | Found a staircase to the Lair.
 18730 | D:10     | Found a staircase to the Orcish Mines.
 18834 | D:10     | Found a bloodstained altar of Trog.
 19020 | D:10     | Noticed Joseph
 19042 | D:10     | Killed Joseph
 19394 | D:11     | Noticed a wizard
 19400 | D:11     | Noticed a deep elf mage
 19570 | D:11     | Noticed a wizard
 19571 | D:11     | Killed a deep elf mage
 19572 | D:11     | Reached XP level 12. HP: 104/104 MP: 12/12
 19576 | D:11     | Noticed a two-headed ogre
 19877 | D:10     | Killed a two-headed ogre
 20304 | D:11     | Identified the Volume of Dhcmrlchtdj
 20320 | D:11     | Identified Qouneeki's Compendium of Sand
 20337 | D:11     | Identified Ts'ui Pên's Volume of Forking Paths
 20409 | D:11     | Noticed a two-headed ogre
 20565 | D:10     | Killed a two-headed ogre
 20566 | D:10     | Reached skill level 12 in Maces & Flails
 20932 | D:11     | Noticed a boulder beetle
 20959 | D:11     | Killed a boulder beetle
 21155 | D:11     | Noticed a death knight
 22076 | D:10     | Found a bloodstained altar of Trog.
 22206 | D:10     | Found a staircase to the Lair.
 22288 | D:10     | Found a staircase to the Orcish Mines.
 22654 | Lair:1   | Entered Level 1 of the Lair of Beasts
 22654 | Lair:1   | Found a burning altar of Makhleb.
 22682 | Orc:1    | Entered Level 1 of the Orcish Mines
 22682 | Orc:1    | Noticed an orc high priest
 23683 | D:10     | Killed an orc high priest
 24232 | Orc:2    | Entered Level 2 of the Orcish Mines
 24239 | Orc:2    | Found Xiytz's Magic Scroll Shoppe.
 24288 | Orc:2    | Noticed Jorgrun
 24295 | Orc:2    | Found a staircase to the Elven Halls.
 24309 | Orc:2    | Found a dark tunnel.
 24321 | Orc:2    | Killed from afar by Jorgrun

Illustrated notes

Levels and vault maps discovered:
D:1:      onia_arrival_pyramid, layout_loops_cross, serial_forest,
          infiniplex_forest_lined_ring, infiniplex_forest_clump_tiny,
          infiniplex_forest_clump_diagonal, infiniplex_forest_lined_3,
          infiniplex_forest_straight_1, infiniplex_forest_lined_3_way,
          grunt_decor_cap, minmay_nonomino_d4
D:2:      wander_river, layout_basic, evilmike_ruin_ashenzari, bloody_trog,
          uniq_terence, uniq_jessica
D:3:      layout_rooms, cheibriados_altar_1, grunt_qazlal_clouds,
          lemuel_crystal_altar, grunt_ministairs_10
D:4:      layout_loops_corners, kennysheep_mini_moat, uniq_ijyb
D:5:      layout_loops_corners, grunt_gozag_breadcrumbs,
          minmay_temple_entry_wispy, ebering_ghost_reflecting_pool, basic_altar,
          mrwooster_statue_mirror, uniq_edmund, uniq_grinder,
          uniq_crazy_yiuf_cottage
D:6:      kennysheep_kobold_camp, layout_basic, kennysheep_vampire_church,
          uniq_sigmund, uniq_prince_ribbit1
D:7:      layout_rooms, zin_scriptorium, lemuel_doored_altar,
          old_standard_altar, enter_ossuary_3, serial_shops, shop, led_sif_book
D:8:      layout_cave_pods, enter_bailey_3, minmay_evil_grid, uniq_harold
D:9:      layout_rooms, uniq_erica
D:10:     layout_gridville, due_lair_maze_entry_diamond, orc_0_dummy,
          basic_altar, uniq_josephine, uniq_joseph
D:11:     minmay_the_grid_4x2 [minmay_the_grid_minigrid_small_alt,
          minmay_the_grid_gridbox, minmay_the_grid_odd_star,
          minmay_the_grid_diamond_grid, minmay_the_grid_slots,
          minmay_the_grid_paths, minmay_the_grid_box_x,
          minmay_the_grid_prize_diamond_cup], layout_cave_pods, serial_shops,
          shop, shop, shop, bh_hangedman_babel_library
Temple:   minmay_freezing_vapour_temple
Lair:1:   layout_loops_ring, basic_altar, beast_lair_carwin_6
Orc:1:    layout_caves
Orc:2:    st_orc_town, layout_diamond_mine, lightli_volcano_entry_magma_tube,
          serial_shops, shop_fountains, uniq_jorgrun, uniq_donald

Skill      XL: |  1  2  3  4  5  6  7  8  9 10 11 12 |
---------------+-------------------------------------+-----
Throwing       | 2 3 4 5 6 7 9 10 11 | 11.3
Dodging        | 3 4 5 6 7 8 |  8.5
Maces & Flails | 4 5 6 7 9 10 11 12 | 12.4
Fighting       | 3 4 5 6 8 9 |  9.8

Action                   |  1- 3 |  4- 6 |  7- 9 | 10-12 || total
-------------------------+-------+-------+-------+-------++-------
Melee: Flail             |    27 |       |   476 |   631 ||  1134
       Tailslap          |    10 |    15 |   102 |   104 ||   231
       Whip              |    72 |   197 |   200 |       ||   469
Throw: Throwing net      |       |       |     7 |     8 ||    15
       Boomerang         |       |       |     2 |       ||     2
Invok: Animate Remains   |       |       |    20 |    38 ||    58
       Animate Dead      |       |       |     6 |     1 ||     7
       Injury Mirror     |       |       |     2 |    10 ||    12
       Recall Undead Sla |       |       |       |     5 ||     5
 Abil: Breathe Dispellin |       |       |    16 |    11 ||    27
       Evoke Flight      |       |       |     2 |     2 ||     4
Evoke: Wand              |       |       |     4 |     6 ||    10
       Phantom mirror    |       |       |       |     1 ||     1
  Use: Scroll            |       |     9 |    10 |    12 ||    31
       Potion            |       |       |     5 |     8 ||    13
 Stab: Sleeping          |     1 |     2 |     2 |     1 ||     6
       Held in net/web   |       |       |     3 |     1 ||     4
       Distracted        |       |       |     1 |     4 ||     5
Armor: Skin              |    16 |    43 |   297 |   306 ||   662
Dodge: Dodged            |    61 |   149 |   545 |   294 ||  1049
Block: Tower shield      |       |       |     5 |   499 ||   504
